 Dungeon Crawl Stone Soup version 0.30-a0-187-gd9c2deaf24 (webtiles) character file.

Game seed: 7151806098008697211

525 greasedhog the Cudgeller (level 7, 0/44 HPs)
             Began as a Gargoyle Cinder Acolyte on Oct 4, 2022.
             Was a High Priest of Ignis.
             Killed by divine providence
             ... invoked by an orc priest
              (14 damage)
             ... on level 4 of the Dungeon.
             The game lasted 00:04:02 (3094 turns).

greasedhog the Cudgeller (Gargoyle Cinder Acolyte)  Turns: 3094, Time: 00:04:03

Health: 0/44       AC: 22    Str: 18    XL:     7   Next: 23%
Magic:  8/8        EV:  7    Int: 14    God:    Ignis [*****.]
Gold:   174        SH:  0    Dex:  7    Spells: 8/8 levels left

rFire   + . .      SeeInvis +    g - +0 flail
rCold   . . .      Faith    .    (no shield)
rNeg    + . .      Spirit   .    c - +0 chain mail
rPois   ∞          Reflect  .    o - +0 helmet
rElec   +          Harm     .    (no cloak)
rCorr   +          Rampage  .    (no gloves)
Will    .....                    (no boots)
Stlth   ..........               (no amulet)
HPRegen 0.27/turn                j - ring of see invisible
MPRegen 0.11/turn                h - ring of resist corrosion

@: fiery-armoured
A: sickness immunity, AC +4, negative energy resistance 1, electricity
resistance, torment resistance 1, petrification resistance
a: Renounce Religion, Fiery Armour, Foxfire Swarm, Rising Flame


You were on level 4 of the Dungeon.
You worshipped Ignis.
Ignis was extremely pleased with you.
You visited 1 branch of the dungeon, and saw 4 of its levels.

You collected 174 gold pieces.

Inventory:

Hand Weapons
 g - a +0 flail (weapon)
Armour
 c - a +0 chain mail (worn)
 o - a +0 helmet (worn)
Jewellery
 h - a ring of resist corrosion (right hand)
 j - a ring of see invisible (left hand)
 p - a +4 ring of protection
Wands
 k - a wand of digging (3)
Scrolls
 i - a scroll of amnesia
 r - a scroll of butterflies {unknown}
 s - 2 scrolls of poison
Potions
 a - a potion of resistance
 b - a potion of brilliance {unknown}
 d - a potion of invisibility
 e - 3 potions of curing
 f - a potion of degeneration {unknown}
 l - a potion of mutation {unknown}
 m - 2 potions of flight {unknown}
 n - a potion of cancellation {unknown}
 q - a potion of magic {unknown}


   Skills:
 - Level 5.1 Fighting
 * Level 6.0 Maces & Flails
 * Level 4.0 Armour
 - Level 1.0 Spellcasting
 - Level 3.0 Fire Magic


You had 8 spell levels left.
You didn't know any spells.
Your spell library contained the following spells:

 Spells                   Type           Power      Damage    Failure   Level
 Scorch                   Fire           18%        2d5       82%         2
 Beastly Appendage        Tmut           0%         N/A       97%         1
 Wereblood                Tmut           0%         N/A       99%         2
 Spider Form              Tmut/Pois      0%         N/A       100%        3


Dungeon Overview and Level Annotations

Branches:
Dungeon (4/15)             Temple (0/1) D:4

Altars:
Nemelex Xobeh

Shops:
D:1 *

Annotations:
D:3 1 runed translucent door, Crazy Yiuf


Innate Abilities, Weirdness & Mutations

You are immune to sickness and miasma.
Your stone body is resilient. (AC +4)
You are immune to poison.
You resist negative energy. (rN+)
You are resistant to electric shocks. (rElec)
You are resistant to unholy torment.
You are immune to petrification.


Message History

Unknown command.
You don't know any spells.
Okay, then.
A protective cloak of flame settles atop you.
You sock the orc priest!
The orc priest is severely wounded.
The orc priest hits you but does no damage.
The orc priest is burned by your cloak of flames.
You kill the orc priest!
You hit the orc priest.
The orc priest is heavily wounded.
The orc priest mumbles some strange prayers to Beogh against you.
Beogh smites you!
You hit the orc priest.
The orc priest is heavily wounded.
The orc priest hits you but does no damage.
The orc priest is burned by your cloak of flames.
The orc priest is heavily wounded.
The orc priest invokes the aid of Beogh against you.
Pain shoots through your body!
The orc priest hits you but does no damage.
The orc priest is burned by your cloak of flames.
The orc priest is heavily wounded.
The orc priest barely misses you.
You sock the orc priest!
You kill the orc priest!
Your Maces & Flails skill increases to level 6!
Your Armour skill increases to level 4!
Unknown command.
You hit the orc priest.
The orc priest is severely wounded.
The orc priest barely misses you.
You hit the orc priest but do no damage.
The orc priest is severely wounded.
The orc hits you with a +0 mace.
The orc is burned by your cloak of flames.
The orc is heavily wounded.
The orc priest mumbles some strange prayers to Beogh against you.
Beogh smites you!
You die...

..### ### # .. ## #.
.# .. .# .# .# .# ##o#
.### #@o# ...### #.##
.....######## #.#
#..#.##.....# ##.##
...#.##.....# #...#
#...........# #...#
...#.##.....###...####
##.#.##..............#
.....#######.........#


You could see an orc priest and an orc.

Vanquished Creatures
  A black bear (D:4)
  A phantom (D:4)
  A necrophage (D:4)
  2 jellies (D:4)
  2 orc priests (D:4)
  An iguana (D:4)
  Robin (D:3)
  An adder (D:3)
  6 gnolls
  2 dart slugs
  3 orcs
  7 ball pythons
  3 bats
  9 endoplasms
  2 giant cockroaches (D:1)
  15 goblins
  7 hobgoblins
  3 jackals (D:1)
  6 frilled lizards
  4 kobolds
  2 rats
79 creatures vanquished.

Vanquished Creatures (others)
  5 fungi (D:3)
  6 toadstools (D:3)
11 creatures vanquished.

Grand Total: 90 creatures vanquished

Notes
Turn   | Place    | Note
-------+----------+-------------------------------------------
     0 | D:1      | greasedhog the Gargoyle Cinder Acolyte began the quest for
                  | the Orb.
     0 | D:1      | Reached XP level 1. HP: 14/14 MP: 2/2
     5 | D:1      | Noticed an ogre
     9 | D:1      | Noticed a vine stalker
    13 | D:1      | Noticed a merfolk zombie
    15 | D:1      | Noticed a minotaur zombie
    19 | D:1      | Noticed a minotaur
   131 | D:1      | Reached XP level 2. HP: 5/19 MP: 3/3
   271 | D:1      | Found Niabih's Assorted Antiques.
   604 | D:1      | Reached XP level 3. HP: 19/24 MP: 4/4
  1053 | D:2      | Reached skill level 4 in Maces & Flails
  1053 | D:2      | Reached XP level 4. HP: 4/30 MP: 5/5
  1542 | D:3      | Noticed Robin
  1550 | D:3      | Killed Robin
  1863 | D:3      | Found a sparkling altar of Nemelex Xobeh.
  2078 | D:3      | Reached XP level 5. HP: 34/34 MP: 6/6
  2139 | D:3      | Found a runed translucent door.
  2140 | D:3      | Noticed Crazy Yiuf
  2347 | D:4      | Reached skill level 5 in Fighting
  2476 | D:4      | Found a staircase to the Ecumenical Temple.
  2562 | D:4      | Noticed a phantom
  2578 | D:4      | Killed a phantom
  2579 | D:4      | Reached skill level 5 in Maces & Flails
  2579 | D:4      | Reached XP level 6. HP: 31/40 MP: 7/7
  2663 | D:4      | Noticed a black bear
  2672 | D:4      | Killed a black bear
  2937 | D:4      | Reached XP level 7. HP: 38/44 MP: 8/8
  3093 | D:4      | Reached skill level 6 in Maces & Flails
  3094 | D:4      | Killed from afar by an orc priest

Illustrated notes

Levels and vault maps discovered:
D:1:      shiori_arrival_whats_in_store_for_you, layout_loops_ring,
          serial_shops, nicolae_shop_trees
D:2:      layout_loops_cross
D:3:      layout_rooms, nemelex_spade_bored_becter, minmay_gold_behind_fungi,
          uniq_crazy_yiuf_cottage, uniq_robin
D:4:      layout_loops_cross, minmay_temple_entry_drinking_statues,
          hangedman_feature_mirror, grunt_decor_junction,
          kennysheep_generic_room_3

Skill      XL: |  1  2  3  4  5  6  7 |
---------------+----------------------+-----
Fighting       | 4 5 |  5.1
Maces & Flails | 4 5 6 |  6.0
Armour         | 2 3 4 |  4.0
Spellcasting   | |  1.0
Fire Magic     | |  3.0

Action                   |  1- 3 |  4- 6 |  7- 9 || total
-------------------------+-------+-------+-------++-------
Melee: Mace              |   101 |       |       ||   101
       Flail             |       |   127 |    13 ||   140
       Punch             |       |     2 |       ||     2
Invok: Fiery Armour      |       |     1 |     1 ||     2
  Use: Scroll            |     3 |     2 |     1 ||     6
Armor: Robe              |    26 |       |       ||    26
       Chain mail        |    25 |   109 |     7 ||   141
Dodge: Dodged            |    56 |    48 |     5 ||   109

Table legend: (Time is in decaauts)
 A = Elapsed time spent in this place.
 B = Non-inter-level travel time spent in this place.
 C = Inter-level travel time spent in this place.
 D = Time resting spent in this place.
 E = Time spent auto-exploring this place.
 F = Levels seen in this place.
 G = Mean time per level.
                   A        B        C        D        E       F      G
               +--------+--------+--------+--------+--------+-----+--------+
         Total |   3138 |   3050 |     88 |    293 |   2160 |   4 |  784.5 |
       Dungeon |   3138 |   3050 |     88 |    293 |   2160 |   4 |  784.5 |
               +--------+--------+--------+--------+--------+-----+--------+

Top non-repeatable levels by time:
     D:1: 927 daAuts
     D:3: 848 daAuts
     D:4: 725 daAuts
     D:2: 637 daAuts
